 Dungeon Crawl Stone Soup version 0.14-a0-1330-g3eed206 (webtiles) character file.

300 Chiseanne the Cudgeler (level 5, -5/53 HPs)
             Began as an Ogre Wanderer on Dec 6, 2013.
             Slain by an orc
             ... wielding a +0,+2 orcish falchion
              (7 damage)
             ... on Level 3 of the Dungeon.
             The game lasted 00:07:12 (2646 turns).

Chiseanne the Cudgeler (Ogre Wanderer)              Turns: 2646, Time: 00:07:12

HP  -5/53        AC  3     Str 21      XL: 5   Next: 50%
MP   5/8         EV 10     Int 12      God:
Gold 131         SH  0     Dex 10      Spells:  2 memorised,  1 level left

rFire  . . .     SeeInvis .     b - +0 mace
rCold  . . .     Clarity  .     r - +0 robe
rNeg   . . .     Conserve .     (shield restricted)
rPois  .         rCorr    .     c - +0 wizard hat
rElec  .         rRot     .     (no cloak)
SustAb . .       Spirit   .     (gloves unavailable)
rMut   .         Warding  .     (boots unavailable)
Saprov + . .     Stasis   .     (no amulet)
                                (no ring)
                                (no ring)

@: mighty, very slightly contaminated, slightly resistant to hostile
enchantments, unstealthy
A: unfitting armour, fast metabolism 1, saprovore 1, tough skin 1
a: no special abilities


You were on level 3 of the Dungeon.
You were hungry.

You visited 1 branch of the dungeon, and saw 3 of its levels.

You collected 131 gold pieces.

Inventory:

Hand weapons
 b - a +0,+0 mace (weapon)
Missiles
 h - a dart of flame (quivered)
Armour
 c - a +0 wizard hat (worn)
 r - a +0 robe (worn)
Magical devices
 w - a wand of hasting (5)
Comestibles
 d - 2 meat rations
 q - an apple
 x - 2 chunks of orc flesh
Scrolls
 e - 2 scrolls of remove curse {unknown}
 g - a scroll of identify {unknown}
 i - a scroll of curse weapon {unknown}
 k - 2 scrolls of fear {unknown}
 m - a scroll of curse armour {unknown}
 o - 2 scrolls of random uselessness {unknown}
 p - 2 scrolls of fog {unknown}
 s - a scroll of teleportation
 u - a scroll of magic mapping {unknown}
Potions
 l - a potion of poison
 v - a potion of mutation {unknown}
 z - a potion of brilliance {unknown}
Books
 a - a book of Geomancy

   Spells                             Type                      Level
   Sandblast                          Earth                        1
   *Stoneskin                         Transmutation/Earth          2
   *Passwall                          Transmutation/Earth          3
   Stone Arrow                        Conjuration/Earth            3
   Petrify                            Transmutation/Earth          4
   Lee's Rapid Deconstruction         Earth                        5


   Skills:
 * Level 3.1 Fighting
 * Level 4.9 Maces & Flails
 * Level 2.2 Dodging
 - Level 1.0 Stealth
 * Level 1.4 Spellcasting
   Level 2.1 Summonings
 * Level 1.6 Earth Magic
 - Level 1.0 Evocations


You had one spell level left.
You knew the following spells:

 Your Spells              Type           Power        Failure   Level  Hunger
a - Stoneskin             Trmt/Erth      #.........   34%         2    ###....
b - Passwall              Trmt/Erth      #.........   69%         3    ####...


Dungeon Overview and Level Annotations

Branches:
Dungeon (3/16)

Altars:


Innate Abilities, Weirdness & Mutations

You are too large for most types of armour.
You have a fast metabolism.
You can tolerate rotten meat.
You have tough skin (AC +1).


Message History

The orc completely misses you. The orc barely misses you.
Drink which item? (? for menu, Esc to quit)
You feel better.
It was a potion of curing.
The orc barely misses you. The orc hits you with an orcish club.
* * * LOW HITPOINT WARNING * * *
The orc closely misses you.
You are feeling hungry.
You barely miss the orc.
The orc is moderately wounded.
The orc barely misses you. The orc closely misses you.
The orc closely misses you. The orc misses you.
You hit the orc.
The orc is severely wounded.
The orc hits you with an orcish flail.
* * * LOW HITPOINT WARNING * * *
The orc hits you with an orcish dagger.
* * * LOW HITPOINT WARNING * * *
The orc hits you with an orcish falchion!
You die...

######################
#....................#
########...########..#
#...# #..# #...# #..#
#...# #..# #...# #..#
#oo.# #.)# #@o.# #..#
#o%.# #..# #...# #..#
#...# #..# #...# #..#
#...# #..# ....#
#..#### ....# #......
##. #<.....


You could see 4 orcs.

Vanquished Creatures
  An orc priest (D:3)
  Jessica (D:2)
  2 giant mites (D:2)
  4 adders
  A worm (D:2)
  3 giant geckos (D:2)
  An ooze (D:1)
  3 orcs (D:3)
  A ball python (D:1)
  9 bats
  3 giant cockroaches
  7 hobgoblins
  2 jackals (D:2)
  7 kobolds
  2 giant newts
  12 goblins
  4 rats
63 creatures vanquished.

Notes
Turn   | Place    | Note
--------------------------------------------------------------
     0 | D:1      | Chiseanne, the Ogre Wanderer, began the quest for the Orb.
     0 | D:1      | Reached XP level 1. HP: 19/19 MP: 2/2
   177 | D:1      | Reached skill level 3 in Maces & Flails
   186 | D:1      | Reached XP level 2. HP: 18/28 MP: 3/3
   693 | D:1      | Reached skill level 4 in Maces & Flails
   693 | D:1      | Reached XP level 3. HP: 35/35 MP: 4/4
  1017 | D:2      | Reached skill level 1 in Spellcasting
  1218 | D:2      | Reached skill level 1 in Dodging
  1267 | D:2      | Noticed Jessica
  1281 | D:2      | Killed Jessica
  1281 | D:2      | Reached XP level 4. HP: 26/44 MP: 7/7
  1893 | D:2      | Learned a level 2 spell: Stoneskin
  1897 | D:2      | Learned a level 3 spell: Passwall
  2270 | D:2      | Reached XP level 5. HP: 42/52 MP: 8/8
  2640 | D:3      | HP: 1/53 [adder (3)]
  2646 | D:3      | HP: 2/53 [orc/orcish dagger (1)]
  2646 | D:3      | Slain by an orc

Action                   |  1- 3 |  4- 6 || total
-------------------------+-------+-------++-------
Melee: Mace              |   101 |    99 ||   200
 Cast: Stoneskin         |       |     2 ||     2
Evoke: Wand              |       |     1 ||     1
  Use: Potion            |       |     6 ||     6
